 Dungeon Crawl Stone Soup version 0.23.0-3-gf3c87f2 (webtiles) character file.

Game seed: 12937337670848784483

14 Borgoz the Sneak (level 2, 0/15 HPs)
             Began as a Gargoyle Enchanter on Feb 23, 2019.
             Slain by a bat (1 damage)
             ... on level 1 of the Dungeon.
             The game lasted 00:01:48 (521 turns).

Borgoz the Sneak (Gargoyle Enchanter)                Turns: 521, Time: 00:01:49

Health: 0/15       AC:  5    Str: 11    XL:     2   Next: 41%
Magic:  5/5        EV: 12    Int: 15    God:
Gold:   8          SH:  0    Dex:  8    Spells: 4/5 levels left

rFire    . . .     SeeInvis .   a - +1 dagger
rCold    . . .     Gourm    .   (no shield)
rNeg     + . .     Faith    .   b - +0 robe
rPois    ∞         Spirit   .   e - +0 helmet
rElec    +         Reflect  .   (no cloak)
rCorr    .         Harm     .   (no gloves)
MR       .....                  (no boots)
Stlth    ++........             (no amulet)
HPRegen  0.05/turn              i - -2 ring of dexterity (curse)
MPRegen  0.09/turn              (no ring)

@: no status effects
A: negative energy resistance 1, electricity resistance, unbreathing,
petrification resistance, rot immunity, AC +2
a: no special abilities


You were on level 1 of the Dungeon.
You were not hungry.

You visited 1 branch of the dungeon, and saw 1 of its levels.

You collected 8 gold pieces.

Inventory:

Hand Weapons
 a - a +1 dagger (weapon)
Missiles
 g - 12 poisoned needles
Armour
 b - a +0 robe (worn)
 e - a +0 helmet (worn)
Jewellery
 i - a cursed -2 ring of dexterity (left hand)
Scrolls
 f - a scroll of enchant armour {unknown}
 h - a scroll of fear {unknown}
Comestibles
 c - 4 chunks of flesh
 d - a ration


   Skills:
 + Level 0.8 Short Blades
 + Level 1.5 Dodging
 + Level 3.8 Stealth
 + Level 2.0 Spellcasting
 + Level 3.0 Hexes


You had 4 spell levels left.
You knew the following spells:

 Your Spells              Type           Power        Failure   Level  Hunger
a - Corona                Hex            ##.....      6%          1    #......

Your spell library contained the following spells:

 Spells                   Type           Power        Failure   Level  Hunger
 Ensorcelled Hibernation  Hex/Ice        #.....       19%         2    ###....
 Confuse                  Hex            ##......     19%         3    ###....
 Tukima's Dance           Hex            ##......     19%         3    ###....
 Dazzling Spray           Conj/Hex       #.....       34%         3    ###....


Dungeon Overview and Level Annotations

Branches:
Dungeon (1/15)

Altars:


Innate Abilities, Weirdness & Mutations

You are resistant to torment.
Your stone body is resilient. (AC +2)
You are immune to poison.
You resist negative energy. (rN+)
You are resistant to electric shocks. (rElec)
You can survive without breathing.
You are immune to petrification.
You are immune to rotting.


Message History

The dart slug is almost dead.
The dart slug launches a dart at you. The slug dart hits you.
* * * LOW HITPOINT WARNING * * *
You hit the dart slug.
You kill the dart slug!
The bat barely misses you.
You closely miss the kobold. The kobold closely misses you.
You hit the kobold.
You kill the kobold!
The bat closely misses you. The bat hits you.
* * * LOW HITPOINT WARNING * * *
Items here: ) = †† a +0 dagger an uncursed ring of protection from cold a kobold corpse; a giant cockroach corpse The bat closely misses you.
You barely miss the bat. The bat hits you.
You die...

##............. #..............
#.............. #.......?....).
##............. ##..w##.......
###..##...... #####
#..######.....###. #.. ## #...#
#......@b.....# .#..... ÷###...#
###...###.....# #.#.....
.......### ###.# #.....###.....#
.........#####.###.)...........#
.......................###....###
.......###...#..................#
...[...#####...#..####..........#
.................#####.##.......#
...>.............#..............#


You could see a bat.

Vanquished Creatures
  A dart slug (D:1)
  2 giant cockroaches (D:1)
  A goblin (D:1)
  2 hobgoblins (D:1)
  A bat (D:1)
  A frilled lizard (D:1)
  2 kobolds (D:1)
  2 rats (D:1)
12 creatures vanquished.

Notes
Turn   | Place    | Note
-------+----------+-------------------------------------------
     0 | D:1      | Borgoz the Gargoyle Enchanter began the quest for the Orb.
     0 | D:1      | Reached XP level 1. HP: 10/10 MP: 3/3
   443 | D:1      | Reached XP level 2. HP: 13/15 MP: 5/5
   521 | D:1      | Slain by a bat

Skill      XL: |  1  2 |
---------------+-------+-----
Hexes          | 3 |  3.0
Short Blades   | |  0.8
Dodging        | |  1.5
Stealth        | |  3.8
Spellcasting   | |  2.0

Action                   || total
-------------------------++-------
Melee: Dagger            ||    69
 Cast: Corona            ||     1
 Stab: Sleeping          ||     2
Armor: Robe              ||    26
Dodge: Dodged            ||    57
